 Dungeon Crawl Stone Soup version 0.30-a0-142-g7370640ec8 (webtiles) character file.

Game seed: 4446069631411471034

67 qw the Chopper (level 4, -8/28 HPs)
             Began as a Gargoyle Fighter on Sept 25, 2022.
             Mangled by a gnoll
             ... wielding a +0 halberd
              (12 damage)
             ... on level 2 of the Dungeon.
             The game lasted 00:00:30 (1940 turns).

qw the Chopper (Gargoyle Fighter)                   Turns: 1940, Time: 00:00:30

Health: -8/28      AC: 10    Str: 21    XL:     4   Next: 16%
Magic:  4/4        EV:  9    Int:  9    God:
Gold:   72         SH:  4    Dex:  9    Spells: 3/3 levels left

rFire   . . .      SeeInvis .    Y - +0 war axe
rCold   . . .      Faith    .    c - +0 buckler
rNeg    + . .      Spirit   .    b - +0 scale mail
rPois   inf        Reflect  .    (no helmet)
rElec   +          Harm     .    (no cloak)
rCorr   .          Rampage  .    (no gloves)
Will    .....                    (no boots)
Stlth   ..........               (no amulet)
HPRegen 0.09/turn                (no ring)
MPRegen 0.09/turn                (no ring)

@: about to teleport
A: sickness immunity, AC +3, negative energy resistance 1, electricity
resistance, torment resistance 1, petrification resistance
a: no special abilities


You were on level 2 of the Dungeon.
You visited 1 branch of the dungeon, and saw 2 of its levels.

You collected 72 gold pieces.


Innate Abilities, Weirdness & Mutations

You are immune to sickness and miasma.
Your stone body is resilient. (AC +3)
You are immune to poison.
You resist negative energy. (rN+)
You are resistant to electric shocks. (rElec)
You are resistant to unholy torment.
You are immune to petrification.


   Skills:
 - Level 3.2 Fighting
 + Level 3.9 Axes
 - Level 3.2 Armour
 - Level 3.2 Shields


You had 3 spell levels left.
You didn't know any spells.
Your spell library was empty.

Inventory:

Hand Weapons
 e - a +0 whip
 Y - a +0 war axe (weapon)
Armour
 b - a +0 scale mail (worn)
 c - a +0 buckler (worn)
Jewellery
 h - a ring of fire
Scrolls
 a - 3 scrolls of identify
 f - a scroll of acquirement {unknown}
 j - a scroll of teleportation
Potions
 d - 2 potions of might

Dungeon Overview and Level Annotations

Branches:
Dungeon (2/15)

Altars:


Message History

You have reached level 4!
You feel clever.
A gnoll comes into view. It is wielding a +0 flail.
The gnoll shouts!
You hear a shout!
Enter note: A gnoll comes into view. It is wielding a +0 flail.
1925 ||| Stepping ~*~*~tactically~*~*~ (stealth).
You slash the gnoll!
The gnoll is severely wounded.
The gnoll closely misses you. The gnoll misses you.
You hit the gnoll.
The gnoll is almost dead.
The gnoll hits you with a +0 flail.
1929 ||| Stepping ~*~*~tactically~*~*~ (stealth).
1930 ||| Stepping ~*~*~tactically~*~*~ (stealth).
1931 ||| Stepping ~*~*~tactically~*~*~ (stealth).
The gnoll attacks as you move away! The gnoll hits you but does no damage.
You closely miss the gnoll.
The gnoll is almost dead.
The gnoll hits you but does no damage.
You barely miss the gnoll.
The gnoll is almost dead.
The gnoll hits you but does no damage. The gnoll hits you with a +0 flail.
You slash the gnoll!
You kill the gnoll!
You start resting.
A gnoll comes into view. It is wielding a +0 halberd.
The gnoll shouts!
You hear a shout!
The gnoll hits you from afar with a +0 halberd.
You closely miss the gnoll. The gnoll hits you with a +0 halberd!
You barely miss the gnoll. x2
The gnoll completely misses you. The gnoll hits you with a +0 halberd.
A kobold comes into view. It is wielding a +0 whip.
The gnoll barely misses you. The gnoll hits you but does no damage.
1940 ||| READING 2 scrolls of teleportation.
As you read the scroll of teleportation, it crumbles to dust.
You feel strangely unstable.
The kobold shouts!
The gnoll barely misses you. The gnoll hits you with a +0 halberd!
You die...

####.............<..##
...'.....##########.#
####.....# ##.# #
#.#############..# # #.#
#......##..## # ..#
#......#..######
#########.........)....#
.......##................
.......##.....).@g.P...P.
.......####...777g..777..
..###### #...7 7..)7 .
#...# #...7 7...7 ....#
#..P........ ....##
#............ .....##
##..g...KP..P. ......##
...777...777. ....#..##
#..P7 ...7


You could see 2 gnolls and a kobold.

Vanquished Creatures
  2 gnolls (D:2)
  An adder (D:2)
  A dart slug (D:1)
  2 bats (D:1)
  6 endoplasms
  2 giant cockroaches (D:1)
  3 goblins
  A hobgoblin (D:1)
  3 jackals (D:1)
  3 kobolds
  A quokka (D:1)
  5 ball pythons (D:1)
  A frilled lizard (D:1)
  A rat (D:1)
32 creatures vanquished.

Vanquished Creatures (others)
  52 plants (D:2)
52 creatures vanquished.

Grand Total: 84 creatures vanquished

Notes
Turn   | Place    | Note
-------+----------+-------------------------------------------
     0 | D:1      | qw the Gargoyle Fighter began the quest for the Orb.
     0 | D:1      | Reached XP level 1. HP: 14/14 MP: 1/1
     0 | D:1      | 0 ||| qw: Version: 0.2-a-10-g399e6c4
     0 | D:1      | 0 ||| qw: Game counter: 412
     0 | D:1      | 0 ||| qw: Always use a shield: true
     0 | D:1      | 0 ||| qw: God list: Okawaru
     0 | D:1      | 0 ||| qw: Allow faded altars: false
     0 | D:1      | 0 ||| qw: Do Orc after D:15 true
     0 | D:1      | 0 ||| qw: Do second Lair branch before Depths: true
     0 | D:1      | 0 ||| qw: Lair rune preference: random
     0 | D:1      | 0 ||| qw: Plans: Normal, Zot:1-4, God:TSO, Crypt, Tomb,
                  | Pan, Slime:5, Hells, Abyss, Orb
     0 | D:1      | 0 ||| PLANNING D:1-11
   156 | D:1      | Reached XP level 2. HP: 19/19 MP: 2/2
   451 | D:1      | 451 ||| Stepping ~*~*~tactically~*~*~ (stealth).
   504 | D:1      | 504 ||| Stepping ~*~*~tactically~*~*~ (stealth).
   729 | D:1      | Reached skill level 3 in Axes
   834 | D:1      | You fall into a shaft and drop 1 floor!
   853 | D:2      | Reached XP level 3. HP: 14/23 MP: 3/3
  1112 | D:2      | 1112 ||| READING 3 scrolls labelled NANOWI LANASYTH.
  1113 | D:2      | 1113 ||| READING scroll labelled FENADE TUABIUR.
  1114 | D:2      | 1114 ||| READING scroll labelled RUMECA CIRON.
  1115 | D:2      | 1115 ||| READING 3 scrolls labelled ITI FIUWE FAMEG.
  1119 | D:2      | 1119 ||| READING scroll labelled OWAXKI TA URHE.
  1308 | D:1      | 1308 ||| Stepping ~*~*~tactically~*~*~ (stealth).
  1690 | D:2      | 1690 ||| DROPPING +0 club.
  1741 | D:2      | 1741 ||| Stepping ~*~*~tactically~*~*~ (stealth).
  1774 | D:2      | 1774 ||| Stepping ~*~*~tactically~*~*~ (stealth).
  1913 | D:2      | Reached XP level 4. HP: 28/28 MP: 4/4
  1925 | D:2      | 1925 ||| Stepping ~*~*~tactically~*~*~ (stealth).
  1929 | D:2      | 1929 ||| Stepping ~*~*~tactically~*~*~ (stealth).
  1930 | D:2      | 1930 ||| Stepping ~*~*~tactically~*~*~ (stealth).
  1931 | D:2      | 1931 ||| Stepping ~*~*~tactically~*~*~ (stealth).
  1939 | D:2      | HP: 4/28 [gnoll/+0 halberd (5)]
  1940 | D:2      | 1940 ||| READING 2 scrolls of teleportation.
  1940 | D:2      | Mangled by a gnoll

Levels and vault maps discovered:
D:1:      dpeg_arrival_tiny_d, layout_basic, serial_bayou_ford_a, st_stairs_5
D:2:      layout_basic, kennysheep_boxes

Skill      XL: |  1  2 |
---------------+-------+-----
Axes           | 2 3 |  3.9
Fighting       | |  3.2
Armour         | |  3.2
Shields        | |  3.2

Action                   |  1- 3 |  4- 6 || total
-------------------------+-------+-------++-------
Melee: War axe           |    91 |     7 ||    98
  Use: Scroll            |     5 |     1 ||     6
Armor: Scale mail        |    51 |     4 ||    55
Dodge: Dodged            |    47 |     5 ||    52
Block: Buckler           |    18 |       ||    18

Table legend:
 A = Non-vault XP
 B = Vault XP
 C = Vault XP percentage of total XP
 D = Non-vault monster count
 E = Vault monster count
 F = Vault count percentage of total count
                 A         B        C        D         E       F
            +---------+---------+-------+---------+---------+-------
      Total |      93 |       3 |   3.1 |      30 |       2 |   6.2
            +---------+---------+-------+---------+---------+-------
        D:1 |      43 |       3 |   6.5 |      22 |       2 |   8.3
        D:2 |      50 |       0 |   0.0 |       8 |       0 |   0.0
            +---------+---------+-------+---------+---------+-------
